 Dungeon Crawl Stone Soup version 0.29-a0-23-ga79f92ac9c (console) character file.

Game seed: 1426469224086626835

686 Melian the Chopper (level 7, -5/67 HPs)
             Began as a Minotaur Berserker on Jan 30, 2022.
             Was a Priest of Trog.
             Slain by an ogre (17 damage)
             ... on level 4 of the Dungeon.
             The game lasted 00:10:27 (4268 turns).

Melian the Chopper (Minotaur Berserker)             Turns: 4268, Time: 00:10:27

Health: -5/67      AC: 11    Str: 24    XL:     7   Next: 35%
Magic:  6/6        EV:  8    Int:  4    God:    Trog [***...]
Gold:   882        SH:  0    Dex:  9    Spells: 6/6 levels left

rFire   . . .      SeeInvis .   l - +0 war axe
rCold   . . .      Faith    .   (no shield)
rNeg    . . .      Spirit   .   o - +0 chain mail
rPois   .          Reflect  .   (helmet restricted)
rElec   .          Harm     .   j - +1 cloak "Nauxt" {+Blink +Inv Will+}
rCorr   .          Rampage  .   (no gloves)
Will    +....                   (no boots)
Stlth   ..........              (no amulet)
HPRegen 0.21/turn               (no ring)
MPRegen 0.10/turn               (no ring)

@: no status effects
A: horns 2, retaliatory headbutt
a: Renounce Religion, Evoke Blink, Evoke Invisibility, Berserk, Trog's Hand


You were on level 4 of the Dungeon.
You worshipped Trog.
Trog was most pleased with you.
You visited 1 branch of the dungeon, and saw 5 of its levels.
You also visited: Sewer.

You collected 882 gold pieces.

Inventory:

Hand Weapons
 l - a +0 war axe (weapon)
Armour
 j - the +1 cloak "Nauxt" (worn) {+Blink +Inv Will+}
   (You acquired it on level 4 of the Dungeon)

   +Inv:      It lets you turn invisible.
   +Blink:    It lets you blink.
   Will:      It increases your willpower.
 o - a +0 chain mail (worn)
Jewellery
 i - a ring of fire
Potions
 b - a potion of resistance {unknown}
 c - 2 potions of might
 e - a potion of curing {unknown}
 f - 2 potions of brilliance
 h - 5 potions of heal wounds
 k - 2 potions of haste {unknown}
 m - 2 potions of flight
 p - a potion of invisibility {unknown}


   Skills:
 + Level 7.7 Fighting
 + Level 7.8 Axes
 - Level 2.4 Armour
 - Level 2.2 Dodging


You had 6 spell levels left.
You didn't know any spells.
Your spell library was empty.

Dungeon Overview and Level Annotations

Branches:
Dungeon (5/15)              Sewer (visited)
 Temple: D:4-7

Altars:


Innate Abilities, Weirdness & Mutations

You have a pair of horns on your head.
You reflexively headbutt those who attack you in melee.


Message History

Done exploring.
There is an open door here.
There is a stone staircase leading down here.
As you read the scroll labelled DYNKUM OQEDA, it crumbles to dust.
You speak a Word of immense power!
It was a scroll of holy word.
As you read the scroll labelled VEAPLILUCE, it crumbles to dust.
Your body is wracked with pain!
It was a scroll of torment.
As you read the scroll labelled CABBUX JIAWANECEI, it crumbles to dust.
You hear a loud clanging noise!
It was a scroll of noise.
As you read the scroll labelled WUCVEEPEGI, it crumbles to dust.
The scroll dissolves into smoke.
It was a scroll of fog.
As you read the scroll labelled RIKLOPETRU, it crumbles to dust.
It is a scroll of amnesia.
You feel forgetful for a moment.
Okay, then.
There is an open door here.
You blink.
You feel stable enough to blink again.
There is an open door here.
There is a stone staircase leading down here.
You aren't carrying any scrolls.
You climb downwards.
A hound comes into view.
There is a stone staircase leading up here.
The hound barks!
You hit the jelly.
Your hands burn!
You headbutt the jelly.
The jelly is moderately wounded.
The jelly hits you.
You are splashed with acid!
You hit the jelly.
Your hands burn!
You punch the jelly.
The jelly is severely wounded.
The jelly completely misses you. You furiously retaliate!
You headbutt the jelly!
You kill the jelly!
Trog accepts your kill.
The ogre hits you with a +0 giant spiked club!
* * * LOW HITPOINT WARNING * * *
You climb upwards.
There is a stone staircase leading down here.
The ogre hits you with a +0 giant spiked club!
You die...

#########......##.....#........
#..............##.....#.#######
#..............##.....#.#.....<
#..............†'.....'........
#..............##.....#.#...#..
#..............##.....#.#...###
#..............##.....#.#.....#
#..............##.....#.#...#.#
#.........####.#......(.....#.#
#.........# #.#............+.#
########### #@#............###
#>O...........[[..
###.........[([.##
#.............# #...........(.#
#############[# #.........#'##
###########.............
#........##....<........
#........##.............
#.......................


You could see an ogre.

Vanquished Creatures
  2 black bears
  2 kobold brigands
  A jelly (D:5)
  A bullfrog skeleton (D:3)
  An iguana (D:4)
  3 orc wizards (D:4)
  7 adders
  2 river rats (Sewer)
  An adder skeleton (D:3)
  2 worms
  A dart slug (D:1)
  14 orcs
  9 endoplasms
  6 giant cockroaches
  7 hobgoblins
  5 jackals
  4 quokkas
  15 ball pythons
  3 bats
  6 frilled lizards
  7 goblins
  6 kobolds
  8 rats
113 creatures vanquished.

Notes
Turn   | Place    | Note
-------+----------+-------------------------------------------
     0 | D:1      | Melian the Minotaur Berserker began the quest for the Orb.
     0 | D:1      | Reached XP level 1. HP: 19/19 MP: 0/0
    35 | D:1      | Found a faded altar of an unknown god.
   454 | D:1      | Reached XP level 2. HP: 27/27 MP: 1/1
  1093 | D:1      | Reached XP level 3. HP: 28/34 MP: 2/2
  1175 | D:1      | Reached ** piety under Trog
  1305 | D:2      | Noticed a black bear
  1315 | D:2      | Killed a black bear
  1316 | D:2      | Reached skill level 5 in Fighting
  1316 | D:2      | Reached skill level 5 in Axes
  1316 | D:2      | Reached XP level 4. HP: 26/42 MP: 3/3
  1479 | D:2      | Reached XP level 5. HP: 41/48 MP: 4/4
  2417 | D:3      | Found a glowing drain.
  2421 | Sewer    | Entered a sewer
  2545 | Sewer    | Reached XP level 6. HP: 58/58 MP: 5/5
  2546 | Sewer    | Reached *** piety under Trog
  2597 | Sewer    | Found a white marble altar of Elyvilon.
  2924 | D:3      | Identified the +0 robe of the Poles {rC+}
  3308 | D:4      | Reached XP level 7. HP: 56/66 MP: 6/6
  4182 | D:5      | Entered Level 5 of the Dungeon
  4202 | D:4      | Identified 2 scrolls of acquirement
  4202 | D:4      | Acquired 730 gold pieces
  4204 | D:4      | Acquired the +1 cloak "Nauxt" {+Blink +Inv Will+}
  4268 | D:4      | Slain by an ogre

Illustrated notes

Levels and vault maps discovered:
D:1:      mainiacjoe_arrival_reflecting_pool, layout_loops_corners,
          hellmonk_ecumenical_altar_blasted
D:2:      layout_basic
D:3:      layout_basic, gup_sewer_entry_bowl, minmay_statues_item
D:4:      layout_basic
D:5:      minmay_bubble_buster, layout_cave_pools, kennysheep_generic_room_13

Skill      XL: |  1  2  3  4  5  6 |
---------------+-------------------+-----
Fighting       | 4 5 6 7 |  7.7
Axes           | 4 5 6 7 |  7.8
Armour         | |  2.4
Dodging        | |  2.2

Action                   |  1- 3 |  4- 6 |  7- 9 || total
-------------------------+-------+-------+-------++-------
Melee: Hand axe          |    72 |   138 |     5 ||   215
       Headbutt          |    12 |    21 |     7 ||    40
       Punch             |     1 |       |     1 ||     2
       War axe           |       |       |    30 ||    30
Invok: Berserk           |       |     4 |       ||     4
 Abil: Evoke Blink       |       |       |     1 ||     1
  Use: Scroll            |       |     2 |     9 ||    11
Armor: Animal skin       |     8 |     3 |       ||    11
       Scale mail        |       |    42 |       ||    42
       Chain mail        |       |       |    13 ||    13
Dodge: Dodged            |    53 |    80 |    14 ||   147

Table legend: (Time is in decaauts)
 A = Elapsed time spent in this place.
 B = Non-inter-level travel time spent in this place.
 C = Inter-level travel time spent in this place.
 D = Time resting spent in this place.
 E = Time spent auto-exploring this place.
 F = Levels seen in this place.
 G = Mean time per level.
                   A        B        C        D        E       F      G
               +--------+--------+--------+--------+--------+-----+--------+
         Total |   4328 |   4202 |    126 |      0 |   3227 |   6 |  721.3 |
       Dungeon |   4086 |   3960 |    126 |      0 |   3048 |   5 |  817.2 |
         Sewer |    242 |    242 |      0 |      0 |    179 |   1 |  242.0 |
               +--------+--------+--------+--------+--------+-----+--------+

Top non-repeatable levels by time:
     D:1: 1310 daAuts
     D:4: 1200 daAuts
     D:2: 974 daAuts
     D:3: 578 daAuts
   Sewer: 242 daAuts
     D:5: 22 daAuts
